[Event "Portuguese-ch U14-20 2022"]
[Site "Fatima"]
[Date "2022.04.10"]
[Round "1.1"]
[White "Marques, Joao Goncalo B A"]
[Black "Martins, Bruno Andre Leite"]
[Result "0-1"]
[ECO "B00"]
[WhiteElo "1418"]
[BlackElo "2323"]
[Annotator "RC"]
[PlyCount "66"]
[EventDate "2022.04.10"]
[EventType "swiss"]
[EventCountry "POR"]
[SourceTitle "playchess.com"]
[Source "ChessBase"]
[SourceQuality "1"]
[TimeControl "5400+30"]

1. e4 Nc6 2. d4 d5 3. exd5 Qxd5 4. Nf3 Bg4 5. Be2 O-O-O 6. c3 e5 7. c4 Qa5+ 8. Bd2 Bb4 9. d5 e4 10. Ng5 Bxe2 11. Qxe2 Nd4 12. Qxe4 Nb3 13. O-O Nxd2 14. Nxd2 Bxd2 15. Nxf7 Nf6 16. Qf5+ Kb8 17. Nxh8 Rxh8 18. a3 Re8 19. b4 Qa4 20. Qd3 Bf4 21. g3 Bd6 22. Rfe1 Rd8 23. Qc3 Qd7 24. Kg2 h5 25. Rad1 h4 26. c5 h3+ 27. Kg1 Bf8 28. Re5 Qg4 29. f3 Qd7 30. Qc4 Qa4 31. Qd3 a5 32. Rb1 axb4 33. Rxb4 Bxc5+ 0-1

[Event "Portuguese-ch U14-20 2022"]
[Site "Fatima"]
[Date "2022.04.10"]
[Round "1.2"]
[White "Machado, Tomas Dias"]
[Black "Teves, Pedro"]
[Result "1-0"]
[ECO "B89"]
[WhiteElo "2030"]
[BlackElo "1390"]
[Annotator "NA RC"]
[PlyCount "53"]
[EventDate "2022.04.10"]
[EventType "swiss"]
[EventCountry "POR"]
[SourceTitle "playchess.com"]
[Source "ChessBase"]
[SourceQuality "1"]
[TimeControl "5400+30"]

1. e4 c5 2. Nf3 d6 3. d4 cxd4 4. Nxd4 Nf6 5. Nc3 Nc6 6. Bc4 e6 7. Be3 a6 8. Nxc6 bxc6 9. O-O Be7 10. Bb3 O-O 11. h3 Qc7 12. f4 d5 13. Qf3 dxe4 14. Nxe4 Nxe4 15. Qxe4 Bf6 (15... Bb7 $11) 16. c3 Bb7 17. Bc2 g6 18. Bc5 Rfd8 $14 19. f5 exf5 20. Rxf5 Bg7 21. Raf1 Re8 22. Qf3 f6 23. Rxf6 Bxf6 24. Bb3+ Kh8 25. Qxf6+ Qg7 26. Bd4 Re7 27. Qxe7 1-0

[Event "Portuguese-ch U14-20 2022"]
[Site "Fatima"]
[Date "2022.04.10"]
[Round "1.3"]
[White "Maciel, Rafael"]
[Black "Monteiro, Paulo Alexandre G"]
[Result "0-1"]
[ECO "C01"]
[WhiteElo "1665"]
[BlackElo "2032"]
[Annotator "NA RC"]
[PlyCount "106"]
[EventDate "2022.04.10"]
[EventType "swiss"]
[EventCountry "POR"]
[SourceTitle "playchess.com"]
[Source "ChessBase"]
[SourceQuality "1"]
[TimeControl "5400+30"]

1. e4 e6 2. d4 d5 3. exd5 exd5 4. Nf3 Bd6 5. Bd3 Ne7 6. c3 O-O 7. Nbd2 Bf5 8. Nf1 Re8 9. Ne3 Bxd3 10. Qxd3 Nd7 11. O-O Nf6 12. Re1 c6 13. Nf1 Qc7 14. Bg5 Ne4 15. Ng3 Bxg3 16. hxg3 Ng6 17. Rac1 Qa5 18. Ra1 Re6 19. Be3 Rae8 20. Kf1 Qa4 21. Ng5 Nxg5 22. Bxg5 {[%emt 0:00:09] [#]} Rxe1+ $17 23. Rxe1 Rxe1+ 24. Kxe1 Qxa2 25. Bc1 Qa5 26. Qf5 Qd8 27. Bg5 Qe8+ 28. Kd1 Qe6 29. Qf3 Qe4 30. Qxe4 dxe4 31. g4 f6 32. Bc1 Kf7 33. Ke2 Ke6 34. b3 b5 35. c4 bxc4 36. bxc4 f5 37. f3 exf3+ 38. gxf3 Ne7 39. Be3 a6 40. Bd2 Nc8 41. gxf5+ Kxf5 42. Kd3 h5 43. Ke2 Nb6 44. c5 Nd5 45. Kf2 Nc7 46. Kg3 Ne6 47. Be3 g5 48. Kh3 a5 49. d5 cxd5 50. c6 a4 51. Kg3 a3 52. f4 gxf4+ 53. Bxf4 a2 0-1

[Event "Portuguese-ch U14-20 2022"]
[Site "Fatima"]
[Date "2022.04.10"]
[Round "1.4"]
[White "Ribeiro, Orlando"]
[Black "Cunha, Alexandre Rodrigo Vi"]
[Result "1-0"]
[ECO "C54"]
[WhiteElo "1945"]
[BlackElo "1603"]
[Annotator "RC"]
[PlyCount "41"]
[EventDate "2022.04.10"]
[EventType "swiss"]
[EventCountry "POR"]
[SourceTitle "playchess.com"]
[Source "ChessBase"]
[SourceQuality "1"]
[TimeControl "5400+30"]

1. e4 e5 2. Nf3 Nc6 3. Bc4 Bc5 4. c3 Nf6 5. d3 d6 6. Bb3 Bg4 7. h3 Bh5 8. Nbd2 O-O 9. Nf1 d5 10. Qe2 dxe4 11. dxe4 Qd6 12. Ng3 Bg6 13. Bg5 h6 14. Rd1 Qe7 15. Nh4 Kh7 16. Ngf5 Qe8 17. Bxf6 gxf6 18. Qd2 Bxf5 19. Nxf5 Ne7 20. Qxh6+ Kg8 21. Qg7# 1-0

[Event "Portuguese-ch U14-20 2022"]
[Site "Fatima"]
[Date "2022.04.10"]
[Round "1.5"]
[White "Lanca, Luis"]
[Black "Santos, Jose Miguel Sereno"]
[Result "0-1"]
[ECO "B13"]
[WhiteElo "1316"]
[BlackElo "1843"]
[Annotator "NA RC"]
[PlyCount "112"]
[EventDate "2022.04.10"]
[EventType "swiss"]
[EventCountry "POR"]
[SourceTitle "playchess.com"]
[Source "ChessBase"]
[SourceQuality "1"]
[TimeControl "5400+30"]

1. e4 c6 2. d4 d5 3. exd5 cxd5 4. Bf4 Nf6 5. Nf3 Nc6 6. c3 Bg4 7. Bd3 Rc8 8. Nbd2 a6 9. O-O e6 10. Re1 Bd6 11. Bxd6 Qxd6 12. Qa4 O-O 13. Ne5 Bh5 14. h3 Nd7 15. Nxc6 Rxc6 16. Re5 $2 Nxe5 17. dxe5 Qxe5 18. Qh4 Bg6 19. Bxg6 hxg6 20. Nf3 Qf6 21. Qg3 Rfc8 22. Rd1 Rb6 23. Rd2 a5 24. Ne5 Ra6 25. Rd4 b5 26. Nf3 Qe7 $19 27. Qg4 Rc4 28. Ng5 Rxd4 29. cxd4 f6 30. Nf3 Qe8 31. Qf4 Rc6 32. Qd2 b4 33. b3 Qc8 34. Qd3 Qc7 35. g3 g5 36. Qg6 Qc8 37. h4 gxh4 38. gxh4 Kf8 39. h5 Rc1+ 40. Kg2 Qc2 41. Qg3 Qf5 42. Qd6+ Kg8 43. Qb8+ Kh7 44. Qg3 Qxh5 45. Nh2 Rc3 46. Qf4 f5 47. Qd2 Rh3 48. Qf4 Rxh2+ 49. Qxh2 Qxh2+ 50. Kxh2 Kh6 51. Kg3 g5 52. f3 Kh5 53. f4 g4 54. Kg2 Kh4 55. Kh2 g3+ 56. Kg2 Kg4 0-1

[Event "Portuguese-ch U14-20 2022"]
[Site "Fatima"]
[Date "2022.04.10"]
[Round "1.6"]
[White "Leao, Tiago Miguel Da Silv"]
[Black "Oliveira, Daniela Sousa"]
[Result "1-0"]
[ECO "B20"]
[WhiteElo "2131"]
[BlackElo "1272"]
[Annotator "RC"]
[PlyCount "91"]
[EventDate "2022.04.10"]
[EventType "swiss"]
[EventCountry "POR"]
[SourceTitle "playchess.com"]
[Source "ChessBase"]
[SourceQuality "1"]
[TimeControl "5400+30"]

1. e4 c5 2. c4 d6 3. Nc3 a6 4. g3 Nf6 5. Bg2 e5 6. Nge2 Be7 7. a3 Nc6 8. Rb1 Rb8 9. b4 b5 10. cxb5 axb5 11. bxc5 dxc5 12. Rxb5 Rxb5 13. Nxb5 Qa5 14. Nbc3 Nd4 15. Nxd4 cxd4 16. Qa4+ Qxa4 17. Nxa4 O-O 18. O-O Bb7 19. Re1 Ra8 20. Nb6 Ra6 21. Nc4 Nd7 22. Bf1 Ra4 23. Bb2 Ba6 24. Rc1 Bg5 25. Nxe5 Nxe5 26. Bxa6 g6 27. Rc8+ Kg7 28. Be2 Bxd2 29. f4 Be3+ 30. Kg2 Nd7 31. Bb5 Ra7 32. Rc6 Nf6 33. Kf3 Re7 34. e5 Nd5 35. Rd6 Nc7 36. a4 Nxb5 37. axb5 Rb7 38. b6 Bg1 39. Ke4 Bxh2 40. Bxd4 Bxg3 41. e6+ Kf8 42. Rd7 f5+ 43. Kf3 Rb8 44. Rxh7 Bh4 45. Rxh4 Rb7 46. Rh8+ 1-0

[Event "Portuguese-ch U14-20 2022"]
[Site "Fatima"]
[Date "2022.04.10"]
[Round "1.7"]
[White "Rodrigues, Guilherme Eufrasio"]
[Black "Voges, Guilherme"]
[Result "0-1"]
[ECO "A10"]
[WhiteElo "1171"]
[BlackElo "1657"]
[Annotator "NA RC"]
[PlyCount "72"]
[EventDate "2022.04.10"]
[EventType "swiss"]
[EventCountry "POR"]
[SourceTitle "playchess.com"]
[Source "ChessBase"]
[SourceQuality "1"]
[TimeControl "5400+30"]

1. c4 g6 2. g3 Bg7 3. Bg2 d6 4. Nc3 Nf6 5. Nf3 c5 6. d4 cxd4 7. Nxd4 O-O 8. O-O Qc7 9. b3 a6 10. Bb2 Nc6 11. e3 Rb8 12. Qc2 Nxd4 13. exd4 Bf5 14. Qe2 b5 15. cxb5 axb5 16. Nxb5 Qb6 17. Nc3 Rbc8 18. Rfe1 Rfe8 19. h3 Qb4 20. Nd5 Nxd5 21. Bxd5 Rc2 22. Qf3 Rxb2 23. g4 Bxd4 24. gxf5 Rxf2 25. Qxf2 Bxf2+ 26. Kxf2 Qd2+ 27. Re2 Qd4+ 28. Kg2 Qxa1 29. fxg6 hxg6 30. Bc6 Rc8 31. Bd5 Qd4 32. Bc4 d5 33. Ba6 Rc7 34. Bb5 e5 35. Rf2 Qe4+ 36. Rf3 Rc3 0-1

[Event "Portuguese-ch U14-20 2022"]
[Site "Fatima"]
[Date "2022.04.10"]
[Round "1.8"]
[White "Oliveira, Beatriz Correia"]
[Black "Quinta, Diogo Manuel Rodrigu"]
[Result "1-0"]
[ECO "A50"]
[WhiteElo "1558"]
[BlackElo "1127"]
[Annotator "NA RC"]
[PlyCount "77"]
[EventDate "2022.04.10"]
[EventType "swiss"]
[EventCountry "POR"]
[SourceTitle "playchess.com"]
[Source "ChessBase"]
[SourceQuality "1"]
[TimeControl "5400+30"]

1. d4 Nf6 2. c4 c6 3. Nf3 d5 4. Bf4 Bf5 5. e3 e6 6. Bd3 Bb4+ 7. Nc3 Ne4 8. Qc2 Qf6 9. cxd5 exd5 10. O-O Bxc3 11. bxc3 O-O 12. c4 Nd7 13. cxd5 cxd5 14. Qb3 Nb6 15. Rfc1 Rfc8 16. Bc7 Qg6 17. Bxb6 axb6 18. Qxd5 Bh3 19. Bf1 Nc3 20. Qg5 Qxg5 21. Nxg5 Bxg2 22. Kxg2 h6 23. Nf3 g5 24. Bd3 b5 25. Rc2 Ra3 26. Bxb5 Rca8 27. Bc4 R8a4 28. Bb3 Rxb3 29. axb3 Rxa1 30. Rxc3 g4 31. Ne5 h5 32. Rc8+ Kg7 33. Rc7 h4 34. Nxg4 Ra5 35. Rxb7 Rg5 36. h3 Kg6 37. e4 f5 38. Rb6+ Kh5 39. Rh6# 1-0

[Event "Portuguese-ch U14-20 2022"]
[Site "Fatima"]
[Date "2022.04.10"]
[Round "1.9"]
[White "Gage, Daniel"]
[Black "Paiva, Manuel Maria Fonseca"]
[Result "0-1"]
[ECO "B99"]
[WhiteElo "1752"]
[BlackElo "1370"]
[Annotator "NA RC"]
[PlyCount "92"]
[EventDate "2022.04.10"]
[EventType "swiss"]
[EventCountry "POR"]
[SourceTitle "playchess.com"]
[Source "ChessBase"]
[SourceQuality "1"]
[TimeControl "5400+30"]

1. e4 c5 2. Nf3 d6 3. d4 cxd4 4. Nxd4 Nf6 5. Nc3 a6 6. Bg5 e6 7. f4 Be7 8. Qf3 Nbd7 9. O-O-O Qc7 10. g4 b5 11. Bxf6 Nxf6 12. g5 Nd7 13. f5 e5 14. Nb3 Bxg5+ 15. Kb1 Nb6 16. a3 Bd7 17. h4 Be7 18. h5 Rc8 19. Bd3 h6 20. Rhg1 Bf6 21. Nd2 Bc6 22. Nf1 Nc4 23. Bxc4 bxc4 24. Ne3 Ba8 25. Qe2 Bg5 26. Ned5 Bxd5 27. Nxd5 Qb7 28. c3 Kd7 29. Qf2 Rb8 30. Rg2 f6 31. Qe2 Qb3 32. Ka1 a5 33. Rb1 Rb7 34. Rgg1 Rhb8 35. Qf2 Qb5 36. Rgd1 Qa4 37. Qe2 Rb3 38. Ka2 R8b7 39. Qf2 Qc6 40. Qg1 Qa4 41. Qf2 R3b5 42. Qe2 Ke8 43. Qf2 Bh4 44. Qxh4 Qc2 45. Nb4 axb4 46. cxb4 Rxb4 0-1

[Event "Portuguese-ch U14-20 2022"]
[Site "Fatima"]
[Date "2022.04.10"]
[Round "1.10"]
[White "Bastiao, Tomas"]
[Black "Sismeiro, Miguel"]
[Result "0-1"]
[ECO "D55"]
[WhiteElo "1664"]
[BlackElo "2201"]
[Annotator "RC"]
[PlyCount "142"]
[EventDate "2022.04.10"]
[EventType "swiss"]
[EventCountry "POR"]
[SourceTitle "playchess.com"]
[Source "ChessBase"]
[SourceQuality "1"]
[TimeControl "5400+30"]

1. c4 Nf6 2. Nc3 e6 3. Nf3 d5 4. d4 Be7 5. Bg5 O-O 6. e3 h6 7. Bxf6 Bxf6 8. Be2 dxc4 9. Bxc4 c5 10. Ne4 Nd7 11. O-O Be7 12. dxc5 Nxc5 13. Nxc5 Bxc5 14. Qxd8 Rxd8 15. Rfd1 Bd7 16. Rd3 Kf8 17. Rad1 Ke7 18. Kf1 b5 19. Ne5 Be8 20. Rxd8 Rxd8 21. Rxd8 Kxd8 22. Bb3 Bd6 23. Nf3 Kc7 24. Ke2 Kb6 25. Bc2 a5 26. a3 Bc6 27. h3 Be7 28. g3 Bf6 29. Nd4 Bd7 30. h4 a4 31. Kd2 Kc5 32. b4+ axb3 33. Nxb3+ Kb6 34. Kc1 Bc3 35. Nd2 Bc6 36. Bb3 Kc5 37. Kc2 Ba5 38. Ba2 Kd6 39. Kd3 Ke5 40. a4 Kf5 41. axb5 Bxb5+ 42. Bc4 Bd7 43. Nb3 Bc7 44. Kd2 Bd6 45. Be2 Bb4+ 46. Kd1 Ba4 47. Bc4 Kg4 48. Ke2 Kh3 49. Nd4 Bd7 50. Bb5 Bc8 51. Bc6 e5 52. Nf3 Ba6+ 53. Kd1 Kg2 54. Nxe5+ Kxf2 55. Nxf7 Kxe3 56. Nd8 Bc8 57. Bd5 Kf2 58. Ne6 Bc3 59. Nc5 Bd4 60. Ne4+ Ke3 61. Nd6 Bh3 62. Nb5 Be5 63. Bf7 Bg4+ 64. Kc2 h5 65. Na3 Bxg3 66. Nc4+ Kd4 67. Nb6 Bxh4 68. Bg6 Bg3 69. Na4 h4 70. Nc3 h3 71. Kd2 Ke5 0-1

[Event "Portuguese-ch U14-20 2022"]
[Site "Fatima"]
[Date "2022.04.10"]
[Round "1.11"]
[White "Simoes, Miguel Patricio"]
[Black "Soares, Luis Francisco Almei"]
[Result "1-0"]
[ECO "B33"]
[WhiteElo "2001"]
[BlackElo "2000"]
[Annotator "RC"]
[PlyCount "81"]
[EventDate "2022.04.10"]
[EventType "swiss"]
[EventCountry "POR"]
[SourceTitle "playchess.com"]
[Source "ChessBase"]
[SourceQuality "1"]
[TimeControl "5400+30"]

1. e4 c5 2. Nf3 Nc6 3. d4 cxd4 4. Nxd4 e6 5. Nc3 Nf6 6. Ndb5 d6 7. Bf4 e5 8. Bg5 a6 9. Na3 b5 10. Nd5 Be7 11. Bxf6 Bxf6 12. c4 b4 13. Nc2 a5 14. g3 Ba6 15. b3 O-O 16. Bg2 Bg5 17. O-O Ne7 18. Nce3 Bxe3 19. Nxe3 Nc6 20. Nf5 g6 21. Qxd6 Qxd6 22. Nxd6 Nd4 23. f4 f6 24. Rf2 Rfd8 25. fxe5 fxe5 26. Nf7 Re8 27. Rd1 a4 28. Nxe5 Nxb3 29. Nd7 Bxc4 30. axb3 Bxb3 31. Nf6+ Kf7 32. Nxe8+ Kxe8 33. Rb1 Rb8 34. Rfb2 Ke7 35. Kf2 Kd6 36. Ke3 Kc5 37. Rc1+ Kb5 38. Bf1+ Kb6 39. Rc4 Rf8 40. Rxb4+ Kc5 41. Rb5+ 1-0

[Event "Portuguese-ch U14-20 2022"]
[Site "Fatima"]
[Date "2022.04.10"]
[Round "1.12"]
[White "Duque, Raquel Dos Santos"]
[Black "Pipiras, Filipa Fortuna"]
[Result "0-1"]
[ECO "A17"]
[WhiteElo "1510"]
[BlackElo "2000"]
[Annotator "RC"]
[PlyCount "64"]
[EventDate "2022.04.10"]
[EventType "swiss"]
[EventCountry "POR"]
[SourceTitle "playchess.com"]
[Source "ChessBase"]
[SourceQuality "1"]
[TimeControl "5400+30"]

1. c4 Nf6 2. Nc3 e6 3. g3 d5 4. cxd5 exd5 5. Bg2 c6 6. d4 Bd6 7. Nf3 O-O 8. O-O Re8 9. a3 Nbd7 10. b4 b5 11. Nd2 a5 12. bxa5 Qxa5 13. Qc2 b4 14. Nb3 Qb6 15. axb4 Rxa1 16. Nxa1 Qxd4 17. b5 Nb6 18. Be3 Rxe3 19. fxe3 Qxe3+ 20. Kh1 Ng4 21. Nd1 Qh6 22. h3 Nc4 23. Nb3 c5 24. Qa2 Nge3 25. Qa8 Nb6 26. Qc6 Nxf1 27. Bxf1 Bxh3 28. Bxh3 Qxh3+ 29. Kg1 Qxg3+ 30. Kf1 Nc4 31. b6 Qh3+ 32. Kf2 Bg3+ 0-1

[Event "Portuguese-ch U14-20 2022"]
[Site "Fatima"]
[Date "2022.04.10"]
[Round "1.13"]
[White "Gomes, Estevao Manuel"]
[Black "Asseiceiro, Lucas Teixeira"]
[Result "1-0"]
[ECO "C78"]
[WhiteElo "2047"]
[BlackElo "1580"]
[Annotator "NA RC"]
[PlyCount "65"]
[EventDate "2022.04.10"]
[EventType "swiss"]
[EventCountry "POR"]
[SourceTitle "playchess.com"]
[Source "ChessBase"]
[SourceQuality "1"]
[TimeControl "5400+30"]

1. e4 e5 2. Nf3 Nc6 3. Bb5 a6 4. Ba4 Nf6 5. O-O b5 6. Bb3 d6 {[%emt 0:00:13] Recently 6...Bc5 got a lot of attention.} 7. Re1 Bg4 8. c3 Na5 9. Bc2 c5 10. h3 Bh5 11. d3 Nc6 12. Nbd2 Be7 13. Nf1 h6 14. Ng3 Bg6 15. Nh4 Bh7 16. Nhf5 O-O 17. a4 {[%emt 0:04:29] [#]} Rb8 $146 ({Black should try} 17... Bg6 $14) ({Predecessor:} 17... Qc7 18. Bb3 Na5 19. Bd5 Nxd5 20. exd5 Bg6 21. b4 Nb7 22. Qg4 cxb4 23. cxb4 Rfc8 24. axb5 axb5 25. Bxh6 gxh6 {1-0 (33) Chekmasov,S (2357)-Opitz,P (2087) ICCF email 2011}) 18. axb5 axb5 19. d4 ({Better is} 19. Bb3 $16) 19... cxd4 (19... exd4 $14 {feels stronger.} 20. Bf4 (20. cxd4 Nxd4 21. Nxd4 cxd4 $14) 20... dxc3) 20. cxd4 (20. Bb3 $14 {deserves consideration.}) 20... exd4 21. Nxd4 Nxd4 22. Qxd4 Qc7 ({Black should try} 22... d5 $11) 23. Bb3 Ra8 24. Be3 Nd7 25. Bxf7+ Kh8 $18 26. Bd5 Rxa1 27. Rxa1 Nc5 28. Nh5 Bf6 29. Nxf6 Rxf6 30. Ra8+ Bg8 31. Bxg8 Nb7 32. Bd5+ Nd8 33. Qb6 1-0

[Event "Portuguese-ch U14-20 2022"]
[Site "Fatima"]
[Date "2022.04.10"]
[Round "1.14"]
[White "Monteiro, Simao Costa"]
[Black "Ribeiro, Rodrigo"]
[Result "0-1"]
[ECO "B22"]
[WhiteElo "1346"]
[BlackElo "1866"]
[Annotator "NA RC"]
[PlyCount "40"]
[EventDate "2022.04.10"]
[EventType "swiss"]
[EventCountry "POR"]
[SourceTitle "playchess.com"]
[Source "ChessBase"]
[SourceQuality "1"]
[TimeControl "5400+30"]

1. e4 c5 2. c3 d5 3. exd5 Qxd5 4. d4 cxd4 5. cxd4 Nc6 6. Nf3 e6 7. Nc3 Qd8 8. Bc4 Nf6 9. O-O Be7 10. Bf4 a6 11. Re1 $11 b5 12. Bb3 Na5 13. Rc1 Nxb3 14. Qxb3 Bb7 15. Nxb5 axb5 16. Qxb5+ Qd7 17. Qxd7+ Nxd7 18. Rc7 Bxf3 19. gxf3 Nb6 20. a3 Nd5 0-1

[Event "Portuguese-ch U14-20 2022"]
[Site "Fatima"]
[Date "2022.04.10"]
[Round "1.15"]
[White "Pina, Tiago"]
[Black "Tejo, Joao Jorge De Medeir"]
[Result "1-0"]
[ECO "A41"]
[WhiteElo "1938"]
[BlackElo "1844"]
[Annotator "RC"]
[PlyCount "97"]
[EventDate "2022.04.10"]
[EventType "swiss"]
[EventCountry "POR"]
[SourceTitle "playchess.com"]
[Source "ChessBase"]
[SourceQuality "1"]
[TimeControl "5400+30"]

1. d4 d6 2. c4 e5 3. e3 Nc6 4. Nc3 Nf6 5. Nf3 Bg4 6. d5 Ne7 7. Qb3 b6 8. e4 g6 9. Be3 Bg7 10. Nd2 O-O 11. Qc2 Re8 12. Bd3 Bd7 13. f3 Nc8 14. g4 a6 15. O-O-O Na7 16. h4 b5 17. Kb1 b4 18. Ne2 a5 19. h5 Qe7 20. Ng3 Reb8 21. g5 Ne8 22. Nf5 Qd8 23. hxg6 fxg6 24. Nh6+ Bxh6 25. Rxh6 Ng7 26. f4 exf4 27. Bxf4 Bg4 28. Rg1 Bh5 29. e5 dxe5 30. Bxe5 Nc8 31. Ne4 Ne8 32. Nf6+ Nxf6 33. Bxf6 Qe8 34. Rxh5 gxh5 35. Bxh7+ Kf8 36. g6 Ne7 37. g7+ Kf7 38. Bxe7 Kxe7 39. Re1+ Kd7 40. Qf5+ Kd6 41. Rxe8 Rxe8 42. Qg6+ Kc5 43. g8=Q Rxg8 44. Bxg8 Rf8 45. d6 cxd6 46. Qxh5+ Kc6 47. Qb5+ Kc7 48. Qxa5+ Kd7 49. Bd5 1-0

[Event "Portuguese-ch U14-20 2022"]
[Site "Fatima"]
[Date "2022.04.10"]
[Round "1.16"]
[White "Rodrigues, Jose Pedro Da Costa"]
[Black "Abdurramane, Danial Germano"]
[Result "0-1"]
[ECO "D92"]
[WhiteElo "1533"]
[BlackElo "1772"]
[Annotator "NA RC"]
[PlyCount "66"]
[EventDate "2022.04.10"]
[EventType "swiss"]
[EventCountry "POR"]
[SourceTitle "playchess.com"]
[Source "ChessBase"]
[SourceQuality "1"]
[TimeControl "5400+30"]

1. d4 Nf6 2. Bf4 g6 3. Nf3 Bg7 4. c4 d5 5. Nc3 O-O 6. Be5 c6 7. Bxf6 Bxf6 8. e3 b6 9. g3 e6 10. Bg2 Ba6 11. b3 dxc4 12. b4 Nd7 13. Nd2 Qc7 14. Qa4 Bb7 15. Nxc4 a5 16. Qb3 axb4 17. Ne4 Be7 18. O-O c5 19. Rfd1 b5 20. dxc5 bxc4 21. Qxc4 Nxc5 22. Rac1 Bxe4 23. Bxe4 Rab8 24. h4 Qa5 25. Bb1 Na4 26. Rd4 Nc3 27. Bc2 Rfc8 28. Qd3 Qxa2 29. h5 b3 30. hxg6 hxg6 31. Bb1 Ne2+ 32. Kg2 Nxc1 33. Qe4 Qa8 0-1

[Event "Portuguese-ch U14-20 2022"]
[Site "Fatima"]
[Date "2022.04.10"]
[Round "1.17"]
[White "Goncalves, Samuel Jesus P"]
[Black "Oliveira, Maria Elisa Ramos Ma"]
[Result "1-0"]
[ECO "C11"]
[WhiteElo "1807"]
[BlackElo "1316"]
[Annotator "NA RC"]
[PlyCount "62"]
[EventDate "2022.04.10"]
[EventType "swiss"]
[EventCountry "POR"]
[SourceTitle "playchess.com"]
[Source "ChessBase"]
[SourceQuality "1"]
[TimeControl "5400+30"]

1. e4 e6 2. d4 d5 3. Nc3 Nf6 4. Bg5 dxe4 5. Nxe4 Be7 6. Bxf6 Bxf6 7. c3 Nd7 8. g3 O-O 9. Bg2 Nb6 10. Nf3 Bd7 11. Nxf6+ Qxf6 12. Ne5 c6 13. a4 Qe7 14. a5 Nd5 15. O-O Rfd8 $14 16. Qb3 Rab8 17. c4 Nf6 18. Rfe1 Be8 19. Qc3 Qc7 20. b4 Nd7 21. Ng4 Nf8 22. h4 h6 23. c5 Ng6 24. Ne3 Bd7 25. Nc4 Ne7 26. Nd6 Nf5 27. Nc4 Be8 28. Rad1 Rd7 29. Ne5 Rdd8 30. Be4 Nxd4 31. Rxd4 Qxe5 1-0

[Event "Portuguese-ch U14-20 2022"]
[Site "Fatima"]
[Date "2022.04.10"]
[Round "1.18"]
[White "Bernardo, Beatriz Nunes"]
[Black "Sousa, Ricardo Miguel Morai"]
[Result "0-1"]
[ECO "B17"]
[WhiteElo "1144"]
[BlackElo "2077"]
[Annotator "RC"]
[PlyCount "30"]
[EventDate "2022.04.10"]
[EventType "swiss"]
[EventCountry "POR"]
[SourceTitle "playchess.com"]
[Source "ChessBase"]
[SourceQuality "1"]
[TimeControl "5400+30"]

1. e4 c6 2. Nc3 d5 3. d4 dxe4 4. Nxe4 Nd7 5. Nf3 Ngf6 6. Nc3 e6 7. Be3 Bd6 8. Qd2 O-O 9. O-O-O Qa5 10. Bc4 b5 11. Bb3 Bb4 12. Bg5 Ne4 13. Qe1 Nxc3 14. bxc3 Bxc3 15. Bd2 Qa3+ 0-1

[Event "Portuguese-ch U14-20 2022"]
[Site "Fatima"]
[Date "2022.04.10"]
[Round "1.20"]
[White "Ferreira, Tiago Filipe Quiteri"]
[Black "Vidal Torres, Ricardo"]
[Result "0-1"]
[ECO "D02"]
[WhiteElo "1699"]
[BlackElo "2332"]
[Annotator "RC"]
[PlyCount "50"]
[EventDate "2022.04.10"]
[EventType "swiss"]
[EventCountry "POR"]
[SourceTitle "playchess.com"]
[Source "ChessBase"]
[SourceQuality "1"]
[TimeControl "5400+30"]

1. d4 d5 2. Nf3 Nf6 3. Bf4 e6 4. e3 Bd6 5. Bg3 O-O 6. Bd3 Nbd7 7. Qe2 Qe7 8. e4 dxe4 9. Bxe4 Nxe4 10. Qxe4 Nf6 11. Qd3 Nd5 12. O-O c5 13. Bxd6 Qxd6 14. c3 b6 15. Nbd2 cxd4 16. Qxd4 Qe7 17. Rfe1 Bb7 18. a3 Rfd8 19. Rad1 Rac8 20. Qh4 Qxh4 21. Nxh4 Nf4 22. Nhf3 Nd3 23. b4 Nxe1 24. Rxe1 Bxf3 25. Nxf3 Rxc3 0-1

[Event "Portuguese-ch U14-20 2022"]
[Site "Fatima"]
[Date "2022.04.10"]
[Round "1.22"]
[White "Areal, Maria Beatriz Moura"]
[Black "Sarabando, Rodrigo Andias"]
[Result "0-1"]
[ECO "B23"]
[WhiteElo "1343"]
[BlackElo "1897"]
[Annotator "NA RC"]
[PlyCount "112"]
[EventDate "2022.04.10"]
[EventType "swiss"]
[EventCountry "POR"]
[SourceTitle "playchess.com"]
[Source "ChessBase"]
[SourceQuality "1"]
[TimeControl "5400+30"]

1. e4 c5 2. Nc3 e6 3. f4 d6 4. Nf3 Nc6 5. Bb5 Nge7 6. O-O Qb6 7. d3 ({Better is} 7. a4 $16) 7... g6 8. Qe1 a6 9. Bxc6+ Nxc6 10. a3 Bg7 $1 11. Kh1 (11. e5 $11 {feels stronger.}) 11... O-O 12. Qh4 (12. e5 $11) 12... Qd8 13. Qe1 b5 14. Rb1 b4 (14... Nd4 $17 15. Nxd4 cxd4) 15. Ne2 Rb8 16. b3 a5 17. a4 Nd4 18. Nexd4 cxd4 19. Qf2 e5 20. fxe5 dxe5 21. h3 (21. Bg5 $17 Qc7 22. Qd2) 21... Rb6 22. Bg5 Qc7 23. Qd2 Rc6 24. Rf2 f6 25. Bh4 Be6 26. Rbf1 Rc8 27. Ne1 $19 g5 28. Bg3 Bf7 29. Qe2 Bg6 30. Bh2 h5 31. g4 h4 32. Qd2 Bf7 33. Rf5 Rf8 34. R5f2 Be6 35. Qe2 Qe7 36. Rf3 Rfc8 37. R3f2 Kh7 38. Qf3 Rc3 39. Qe2 Bxb3 40. cxb3 Rxb3 41. Qd1 Rbc3 42. Rb2 Qe8 43. Bg1 Rc1 44. Qb3 R8c3 45. Qd5 Qxa4 46. Qf7 Rc7 47. Qe6 Qb5 48. Qf5+ Kh8 49. Qf2 b3 50. Qd2 a4 51. Bf2 a3 52. Bxh4 axb2 53. Bxg5 fxg5 54. Qxg5 Qe8 55. Qh4+ Kg8 56. g5 R7c6 0-1